AoeStats
← web

Arabia

507798133Analyzed
1v1 RM · 11d ago on Sep 19, 2026· 41m 31s· 2 players
Game mode
Random Map
Map size
Tiny (2 player)
Population
200
Speed
Normal
Resources
Standard
Victory
Conquest
Starting age
Dark Age
Ending age
Imperial Age
RankedLock teamsTeams togetherTeam positionsShared explorationLock speedFull tech treeHidden civsTurbo modeCheats
Victory
Defeat
🇫🇷 Chinese · France
1436
+15
🇺🇸 Italians · United States
1418
-15
web
6:51 Loom
9:10 Feudal Age
10:12 Double-Bit Axe
14:02 Fletching
24:32 Castle Age
23:15 Bloodlines
23:11 Scale Barding Armor
23:17 Forging
23:10 Padded Archer Armor
23:07 Gold Mining
23:45 Scale Barding Armor
23:51 Forging
24:03 Horse Collar
24:39 Crossbowman
25:15 Bodkin Arrow
25:42 Bow Saw
26:17 Husbandry
26:30 Forging
28:36 Leather Archer Armor
28:52 Thumb Ring
30:36 Ballistics
39:18 Wheelbarrow
Gianid49
0:28 Loom
9:51 Feudal Age
10:43 Double-Bit Axe
15:30 Horse Collar
16:49 Fletching
17:22 Padded Archer Armor
21:30 Castle Age
22:09 Bodkin Arrow
21:35 Crossbowman
24:49 Bow Saw
27:00 Leather Archer Armor
27:52 Ballistics
28:56 Thumb Ring
38:25 Imperial Age
39:08 Bracer
39:59 Ring Archer Armor
40:31 Chemistry
39:23 Arbalester
Connection lost

Rejoining the realm…

Still unreachable

The connection could not be restored.

Session expired

The server has moved on; the page needs a fresh start.